 Dungeon Crawl Stone Soup version 0.30-a0-118-ga018f8e90f (webtiles) character file.

Game seed: 15436378787929062187

233 lesbiats the Cudgeller (level 5, -5/53 HPs)
             Began as a Troll Fighter on Sept 14, 2022.
             Was an Initiate of Gozag.
             Slain by a water moccasin (6 damage)
             ... on level 3 of the Dungeon.
             The game lasted 00:09:37 (2813 turns).

lesbiats the Cudgeller (Troll Fighter)              Turns: 2813, Time: 00:09:38

Health: -5/53      AC:  4    Str: 26    XL:     5   Next: 75%
Magic:  4/4        EV:  8    Int:  4    God:    Gozag
Gold:   102        SH:  7    Dex:  9    Spells: 4/4 levels left

rFire   . . .      SeeInvis +    a - +0 flail
rCold   . . .      Faith    .    c - +0 kite shield
rNeg    . . .      Spirit   .    b - +0 robe
rPois   .          Reflect  .    (helmet restricted)
rElec   .          Harm     .    (no cloak)
rCorr   .          Rampage  .    (gloves unavailable)
Will    .....                    (boots unavailable)
Stlth   +.........               (no amulet)
HPRegen 0.97/turn                f - ring of flight
MPRegen 0.09/turn                o - ring of see invisible

@: lethally poisoned (-5 -> -5), about to teleport, attractive, flying
A: large, unfitting armour, claws 3, regeneration 1, shaggy fur 1, tough skin 1
a: Renounce Religion, Potion Petition, Call Merchant, Bribe Branch


You were on level 3 of the Dungeon.
You worshipped Gozag.
Gozag was aware of your devotion.
You visited 1 branch of the dungeon, and saw 4 of its levels.

You collected 128 gold pieces.
You paid 26 gold pieces to Gozag.

Inventory:

Hand Weapons
 a - a +0 flail (weapon)
Missiles
 g - 14 poisoned darts (quivered)
 h - 23 stones
 r - a throwing net
Armour
 b - a +0 robe (worn)
 c - a +0 kite shield (worn)
Jewellery
 f - a ring of flight (left claw)
 o - a ring of see invisible (right claw)
Wands
 t - a wand of flame (21)
 u - a wand of quicksilver (9)
Scrolls
 i - a scroll of teleportation
 m - a scroll of enchant weapon {unknown}
 n - a scroll of immolation {unknown}
 q - a scroll of torment {unknown}
 s - 2 scrolls of fear {unknown}
 y - a scroll of noise {unknown}
Potions
 d - 2 potions of might
 k - a potion of brilliance {unknown}
 l - a potion of cancellation {unknown}
 p - a potion of magic {unknown}
 v - a potion of flight
 w - a potion of experience {unknown}
 x - a potion of lignification {unknown}


   Skills:
 + Level 3.5 Fighting
 * Level 4.1 Maces & Flails
 + Level 2.0 Throwing
 - Level 2.4 Dodging
 - Level 2.6 Shields


You had 4 spell levels left.
You didn't know any spells.
Your spell library contained the following spells:

 Spells                   Type           Power      Damage    Failure   Level
 Apportation              Tloc           0%         N/A       80%         1
 Sandblast                Erth           0%         2d4       80%         1
 Ensorcelled Hibernation  Hex/Ice        0%         N/A       91%         2
 Passwall                 Tmut/Erth      0%         N/A       91%         2
 Stone Arrow              Conj/Erth      0%         3d7       99%         3
 Swiftness                Air            0%         N/A       99%         3
 Alistair's Intoxication  Tmut/Pois      0%         N/A       100%        5


Dungeon Overview and Level Annotations

Branches:
Dungeon (4/15)             Temple (0/1) D:4

Altars:
Elyvilon
Fedhas
Gozag

Shops:
D:3 (


Innate Abilities, Weirdness & Mutations

You are too large for most types of armour.
You have claws for hands.
Your natural rate of healing is unusually fast.
You are covered in fur. (AC +1)
You have tough skin. (AC +1)


Message History

The water moccasin attacks as you move away!
You block the water moccasin's attack.
You feel sick.
The water moccasin completely misses you.
You feel sick.
The water moccasin attacks as you move away!
The water moccasin bites you.
You are more poisoned.
The water moccasin poisons you!
You feel very sick. The water moccasin closely misses you.
You feel very sick.
The water moccasin attacks as you move away!
The water moccasin bites you.
* * * LOW HITPOINT WARNING * * *
You feel sick.
Really fly into that dispersal trap?
You enter a dispersal trap!
The water moccasin blinks! x2; You blink.
You feel sick. The water moccasin closely misses you.
Okay, then.
It was a potion of flight.
You feel more buoyant.
You feel sick. The water moccasin bites you.
* * * LOW HITPOINT WARNING * * *
It was a potion of attraction.
You feel attractive to monsters.
You feel sick.
The water moccasin bites you but does no damage.
You block the water moccasin's attack.
As you read the scroll labelled TEOPLU PUIPPU, it crumbles to dust.
You feel strangely unstable.
It was a scroll of teleportation.
You feel sick. The water moccasin bites you.
* * * LOW HITPOINT WARNING * * *
You feel sick.
The water moccasin attacks as you move away!
The water moccasin bites you but does no damage.
You feel sick. The water moccasin barely misses you.
The water moccasin attacks as you move away!
The water moccasin bites you.
You die...
Your body crumbles into a pile of gold.

...#......## ##.........###.###
#####.....# #......#........#
...#......# #.....##.######.#
##........## ##......#.# #.#
##........####.........# #.#
###.........^...........# ####.#
.##.....................###....##
......##........S.##.............
.......#........@.#.......#.#####
#..##................#.>.##.# #
..###.......#........##.###.# #
.## #......###....[..##.# #.# #
## #.#################.###.# #
#####.# #).##.### # ......#
##.##...# # ####### #.####.# #
#.# #.#


You could see a water moccasin.

Vanquished Creatures
  A hound (D:4)
  Natasha (thrice) (D:2)
  4 gnolls (D:2)
  3 adders
  2 worms (D:2)
  A dart slug (D:2)
  10 ball pythons
  2 endoplasms
  2 giant cockroaches (D:2)
  8 goblins
  5 hobgoblins
  8 kobolds
  4 quokkas
  3 bats
  2 frilled lizards
  4 rats
62 creatures vanquished.

Notes
Turn   | Place    | Note
-------+----------+-------------------------------------------
     0 | D:1      | lesbiats the Troll Fighter began the quest for the Orb.
     0 | D:1      | Reached XP level 1. HP: 22/22 MP: 0/0
    62 | D:1      | Reached skill level 2 in Maces & Flails
   147 | D:1      | Reached XP level 2. HP: 20/29 MP: 1/1
   209 | D:1      | Found a faded altar of an unknown god.
   864 | D:2      | Noticed Natasha
   872 | D:2      | Killed Natasha
   873 | D:2      | Reached XP level 3. HP: 29/37 MP: 2/2
  1021 | D:2      | Reached skill level 3 in Maces & Flails
  1222 | D:2      | Reached XP level 4. HP: 45/45 MP: 3/3
  1234 | D:2      | Reached skill level 1 in Throwing
  1480 | D:2      | Noticed Natasha
  1552 | D:2      | Killed Natasha
  1565 | D:2      | Reached XP level 5. HP: 14/53 MP: 4/4
  1794 | D:2      | Noticed Natasha
  1831 | D:2      | Killed Natasha
  1968 | D:3      | Found Moituk's Weapon Shop.
  2005 | D:3      | Found a blossoming altar of Fedhas.
  2014 | D:3      | Found an opulent altar of Gozag.
  2162 | D:3      | Found a white marble altar of Elyvilon.
  2202 | D:3      | Became a worshipper of Gozag Ym Sagoz the Greedy
  2622 | D:4      | Reached skill level 4 in Maces & Flails
  2693 | D:4      | Found a staircase to the Ecumenical Temple.
  2756 | D:4      | Noticed a water moccasin
  2810 | D:3      | HP: 1/53 [water moccasin (2)]
  2813 | D:3      | Slain by a water moccasin

Illustrated notes

Levels and vault maps discovered:
D:1:      roderic_dead_forest, layout_basic, ebering_ecumenical_altar_webs
D:2:      layout_loops_corners, uniq_natasha
D:3:      layout_loops_ring, nicolae_gozag_seed_capital,
          mainiacjoe_overflow_tiny_flanked, lemuel_coloured_pillars_altar,
          serial_shops, nicolae_shop_behind_doors, kennysheep_decorative_pillar
D:4:      layout_loops_cross, minmay_temple_entry_statues_fountains,
          chequers_arboretum, hex_large, uniq_blork_the_orc

Skill      XL: |  1  2  3  4  5 |
---------------+----------------+-----
Maces & Flails | 2 3 4 |  4.1
Fighting       | 3 |  3.5
Throwing       | 1 2 |  2.0
Dodging        | |  2.4
Shields        | |  2.6

Action                   |  1- 3 |  4- 6 || total
-------------------------+-------+-------++-------
Melee: Flail             |   121 |   155 ||   276
Throw: Dart              |       |     2 ||     2
  Use: Potion            |       |     3 ||     3
       Scroll            |       |     1 ||     1
Armor: Robe              |    50 |    63 ||   113
Dodge: Dodged            |    43 |    89 ||   132
Block: Kite shield       |    43 |    64 ||   107

Table legend: (Time is in decaauts)
 A = Elapsed time spent in this place.
 B = Non-inter-level travel time spent in this place.
 C = Inter-level travel time spent in this place.
 D = Time resting spent in this place.
 E = Time spent auto-exploring this place.
 F = Levels seen in this place.
 G = Mean time per level.
                   A        B        C        D        E       F      G
               +--------+--------+--------+--------+--------+-----+--------+
         Total |   2951 |   2820 |    131 |    119 |   1933 |   4 |  737.8 |
       Dungeon |   2951 |   2820 |    131 |    119 |   1933 |   4 |  737.8 |
               +--------+--------+--------+--------+--------+-----+--------+

Top non-repeatable levels by time:
     D:2: 1205 daAuts
     D:1: 855 daAuts
     D:3: 653 daAuts
     D:4: 237 daAuts
